 Dungeon Sprint DCSS version 0.26-a0-652-gafc20e3620 (webtiles) character file.

Game seed: 15838017955360342638

439 ANON1729 the Spear-Bearer (level 7, -1/62 HPs)
             Began as a Merfolk Gladiator on Oct 3, 2020.
             Was an Initiate of Okawaru.
             Splashed by Sonja's acid (15 damage)
             ... in the Dungeon (Sprint I: "Red Sonja").
             The game lasted 00:02:24 (748 turns).

ANON1729 the Spear-Bearer (Merfolk Gladiator)        Turns: 748, Time: 00:02:25

Health: -1/62      AC: -2    Str: 17    XL:     7   Next: 1%
Magic:  7/7        EV: 18    Int:  7    God:    Okawaru [......]
Gold:   324        SH:  0    Dex: 15    Spells: 6/6 levels left

rFire    . . .     SeeInvis .   a - +0 trident
rCold    + . .     Faith    .   (no shield)
rNeg     . . .     Spirit   .   l - +2 leather armour {rC+}
rPois    .         Reflect  .   c - +0 helmet
rElec    .         Harm     .   (no cloak)
rCorr    .         Rampage  .   (no gloves)
MR       .....     NoTele   +   (no boots)
Stlth    +.........             (no amulet)
HPRegen  0.20/turn              (no ring)
MPRegen  0.10/turn              (no ring)

@: corroded
A: change form in water, swift swim, stealthy swim
a: Renounce Religion


You were in the Dungeon.
You worshipped Okawaru.
Okawaru was noncommittal.
You visited 1 branch You collected 324 gold pieces.

Inventory:

Hand Weapons
 a - a +0 trident (weapon)
Missiles
 d - 3 throwing nets (quivered)
Armour
 c - a +0 helmet (worn)
 l - a +2 leather armour of cold resistance (worn)
Wands
 k - a wand of random effects (22)
Scrolls
 j - a scroll of blinking
Potions
 b - a potion of stabbing {unknown}
 e - a potion of curing
 f - a potion of heal wounds
 g - a potion of haste
 h - 2 potions of magic
 i - a potion of berserk rage


   Skills:
 + Level 8.2 Fighting
 + Level 11.0 Polearms
 + Level 7.5 Throwing
 + Level 10.2 Dodging


You had 6 spell levels left.
You didn't know any spells.
Your spell library was empty.

Dungeon Overview and Level Annotations

Branches:
Dungeon (1/1)

Altars:
Cheibriados
Dithmenos
Elyvilon
Fedhas
Gozag
Hepliaklqana
Kikubaaqudgha
Makhleb
Nemelex Xobeh
Okawaru
Qazlal
Ru
Sif Muna
Trog
Uskayaw
Vehumet
Wu Jian
Xom
Yredelemnul
Zin
The Shining One
Jiyva
Lugonu

Shops:
D ?

Annotations:
D Sonja


Message History

There is an open door, spattered with blood here.
There is an entrance to Fuqe's Magic Scroll Emporium here.
There is an open door, spattered with blood here.
There is a radiant altar of Vehumet here.
You open the door.
Sonja, the Graceful Assassin comes into view.
She is wielding a +0 dagger of distortion, quivering 4 curare-tipped darts and carrying a wand of acid (11).
Sonja shouts!
Sonja throws a curare-tipped dart.
The curare-tipped dart barely misses you.
Found 54 gold pieces.
Evoke which item? (* to show all) (? for menu, Esc to quit)
Aiming: Random Effects
Press: ? - help, Shift-Dir - straight line, f - Sonja
Aim: Sonja, wielding a +0 dagger of distortion, quivering 3 curare-tipped darts and carrying a wand of acid (11) Sonja resists with significant effort.
Sonja zaps a wand.
The bolt of acid hits you! The acid corrodes you!
You are splashed with acid!
Sonja zaps a wand.
The bolt of acid hits you!!
* * * LOW HITPOINT WARNING * * *
The acid corrodes you!
You are splashed with acid!
You die...

################ ##
#<.#..'..#..'..#__#
#..[.)#..').#..+J.+
#..#####'#####+#__#
#..####..#...#.# ##
#..#__####..##.#
#..#_____##'#_.+
#⌠⌠#_.∩...'†.._#
####_..__##@.#+#
#_____###'# #######
.# .$ K$# .## +#


You could see Sonja.

Vanquished Creatures
  Sigmund (D)
  A yak (D)
  An ogre (D)
  A jelly (D)
  Ijyb (D)
5 creatures vanquished.

Notes
Turn   | Place    | Note
-------+----------+-------------------------------------------
     0 | D        | ANON1729 the Merfolk Gladiator began the quest for the Orb.
     0 | D        | Reached XP level 1. HP: 16/16 MP: 1/1
     1 | D        | Noticed Ijyb
    12 | D        | Killed Ijyb
    12 | D        | Reached skill level 6 in Polearms
    12 | D        | Reached skill level 5 in Dodging
    12 | D        | Reached XP level 2. HP: 18/25 MP: 2/2
    12 | D        | Reached XP level 3. HP: 21/30 MP: 3/3
    98 | D        | Noticed an ogre
   107 | D        | Killed an ogre
   107 | D        | Reached skill level 5 in Fighting
   107 | D        | Reached skill level 7 in Polearms
   107 | D        | Reached XP level 4. HP: 17/39 MP: 4/4
   280 | D        | Noticed Sigmund
   322 | D        | Killed Sigmund
   322 | D        | Reached skill level 9 in Polearms
   322 | D        | Reached XP level 5. HP: 26/48 MP: 5/5
   322 | D        | Reached XP level 6. HP: 30/55 MP: 6/6
   469 | D        | Found a shimmering blue altar of Sif Muna.
   470 | D        | Found an ornate altar of the Wu Jian Council.
   473 | D        | Found a burning altar of Makhleb.
   473 | D        | Found a viscous altar of Jiyva.
   473 | D        | Found a shimmering altar of Xom.
   473 | D        | Found a corrupted altar of Lugonu.
   473 | D        | Noticed a slime creature
   477 | D        | Found a radiant altar of Vehumet.
   482 | D        | Reached skill level 10 in Polearms
   538 | D        | Found Fuqe's Magic Scroll Emporium.
   538 | D        | Found an ancient bone altar of Kikubaaqudgha.
   538 | D        | Found a hazy altar of Hepliaklqana.
   538 | D        | Found a hide-covered altar of Uskayaw.
   538 | D        | Found a basalt altar of Yredelemnul.
   538 | D        | Found an opulent altar of Gozag.
   538 | D        | Found a snail-covered altar of Cheibriados.
   538 | D        | Found a sacrificial altar of Ru.
   538 | D        | Found a shadowy altar of Dithmenos.
   538 | D        | Noticed a yak
   549 | D        | Killed a yak
   549 | D        | Reached skill level 11 in Polearms
   549 | D        | Reached skill level 10 in Dodging
   549 | D        | Reached XP level 7. HP: 30/62 MP: 7/7
   550 | D        | Found a stormy altar of Qazlal.
   550 | D        | Found a blossoming altar of Fedhas.
   550 | D        | Found a bloodstained altar of Trog.
   550 | D        | Found an iron altar of Okawaru.
   550 | D        | Found a glowing golden altar of the Shining One.
   550 | D        | Found a glowing silver altar of Zin.
   550 | D        | Found a white marble altar of Elyvilon.
   551 | D        | Found a sparkling altar of Nemelex Xobeh.
   723 | D        | Became a worshipper of Warmaster Okawaru
   747 | D        | Noticed Sonja
   748 | D        | Splashed by Sonja's acid

Illustrated notes

Levels and vault maps discovered:
D:        dungeon_sprint_1 [red_sonja_temple_1, red_sonja_temple_small_1]

Skill      XL: |  1  2  3  4  5  6 |
---------------+-------------------+-----
Fighting       | 3 5 7 8 |  8.2
Polearms       | 6 7 9 11 | 11.0
Throwing       | 3 4 6 7 |  7.5
Dodging        | 5 7 9 10 | 10.2

Action                   |  1- 3 |  4- 6 |  7- 9 || total
-------------------------+-------+-------+-------++-------
Melee: Trident           |    19 |    42 |       ||    61
Evoke: Wand              |       |       |     1 ||     1
Armor: Leather armour    |     3 |     5 |       ||     8
Dodge: Dodged            |     6 |     9 |     1 ||    16

Table legend: (Time is in decaauts)
 A = Elapsed time spent in this place.
 B = Non-inter-level travel time spent in this place.
 C = Inter-level travel time spent in this place.
 D = Time resting spent in this place.
 E = Time spent auto-exploring this place.
 F = Levels seen in this place.
 G = Mean time per level.
                   A        B        C        D        E       F      G
               +--------+--------+--------+--------+--------+-----+--------+
         Total |    743 |    743 |      0 |    549 |     38 |   1 |  743.0 |
       Dungeon |    743 |    743 |      0 |    549 |     38 |   1 |  743.0 |
               +--------+--------+--------+--------+--------+-----+--------+

Top non-repeatable levels by time:
       D: 743 daAuts
